 Dungeon Crawl Stone Soup version 0.29-a0-451-gfbfa42419e (webtiles) character file.

Game seed: 11909341070160488850

90103 jimonade the Eclecticist (level 16, -10/120 HPs)
             Began as a Djinni Fire Elementalist on May 19, 2022.
             Was the Champion of Makhleb.
             Collided with a briar patch (13 damage)
             ... caused by a swamp worm
             ... on level 1 of the Swamp.
             The game lasted 02:10:56 (25849 turns).

jimonade the Eclecticist (DjFE)                    Turns: 25849, Time: 02:10:56

Health: -10/120    AC: 15    Str: 13    XL:     16   Next: 46%
Gold:   1964       EV: 12    Int: 18    God:    Makhleb [******] SH:  9 Dex: 15

rFire   + + +      SeeInvis .   T - staff of fire
rCold   . . .      Faith    .   S - +0 kite shield
rNeg    . . .      Spirit   .   s - +2 troll leather armour
rPois   ∞          Reflect  .   h - +0 helmet
rElec   .          Harm     .   U - +0 cloak
rCorr   .          Rampage  .   j - +1 pair of gloves {hurl}
Will    +....                   (boots unavailable)
Stlth   ++........              Q - amulet of regeneration
HPRegen 1.90/turn               p - ring of protection from cold
MPRegen 0.00/turn               r - +4 ring of protection

@: flying
A: sickness immunity, fire resistance 2, cold vulnerability 1, float, innate
caster, HP casting, extra vitality 1
a: Renounce Religion, Minor Destruction, Lesser Servant of Makhleb, Major
Destruction, Greater Servant of Makhleb


You were on level 1 of the Swamp.
You worshipped Makhleb.
Makhleb was exalted by your worship.
You visited 5 branches of the dungeon, and saw 21 of its levels.
You also visited: Ice Cave.

You collected 2258 gold pieces.
You spent 294 gold pieces at shops.

Inventory:

Hand Weapons
 b - a +3 demon whip of venom
 D - a +0 scimitar of flaming
 L - a +6 spear
Missiles
 f - 6 silver javelins
 l - 5 throwing nets
 X - 4 javelins
Armour
 h - a +0 helmet (worn)
 j - a +1 pair of gloves of hurling (worn)
 q - a +0 robe of the Archmagi
 s - a +2 troll leather armour (worn)
 N - a +2 robe of cold resistance
 S - a +0 kite shield (worn)
 U - a +0 cloak (worn)
Magical Staves
 x - a staff of earth
 P - a staff of cold
 T - a staff of fire (weapon)
Jewellery
 a - a ring of resist corrosion
 e - the amulet "Desooxkoh" {Acrobat rElec}
   (You took it off a spriggan on level 6 of the Lair of Beasts)

   [amulet of the acrobat]

   It increases your evasion while moving and waiting.
   rElec:     It insulates you from electricity.
 m - a ring of positive energy
 p - a ring of protection from cold (left hand)
 r - a +4 ring of protection (right hand)
 w - a ring of protection from cold
 Q - an amulet of regeneration (around neck)
Wands
 c - a wand of mindburst (17)
 t - a wand of iceblast (27)
 I - a wand of paralysis (16)
 M - a wand of polymorph (15)
 R - a wand of acid (4)
 W - a wand of flame (25)
 Y - a wand of charming (3)
 Z - a wand of digging (10)
Scrolls
 d - 3 scrolls of silence
 i - a scroll of blinking
 n - 2 scrolls of enchant armour
 y - a scroll of acquirement {unknown}
 z - 3 scrolls of poison
 J - a scroll of enchant weapon
 K - a scroll of magic mapping
 O - 11 scrolls of teleportation
Potions
 g - 14 potions of curing
 k - 2 potions of berserk rage
 o - a potion of mutation
 u - 7 potions of lignification
 v - 3 potions of haste
 A - 2 potions of cancellation
 B - 4 potions of brilliance
 C - a potion of invisibility
 E - 2 potions of might
 F - 4 potions of resistance
 H - 2 potions of heal wounds
 V - a potion of ambrosia {unknown}


   Skills:
 * Level 12.9 Fighting
 - Level 0.4 Short Blades
 + Level 0.1 Staves
 + Level 6.2 Armour
 + Level 6.1 Dodging
 - Level 1.5 Stealth
 + Level 3.8 Shields
 + Level 18.1 Spellcasting


You had 14 spell levels left.
You knew the following spells:

 Your Spells              Type           Power      Damage    Failure   Level
a - Foxfire               Conj/Fire      100%       2x1d9     0%          1
b - Scorch                Fire           100%       2d10      0%          2
c - Conjure Flame         Conj/Fire      89%        6-21      1%          3
d - Inner Flame           Hex/Fire       89%        N/A       1%          3
e - Flame Wave            Conj/Fire      89%        2d15      1%          4
f - Summon Small Mammal   Summ           100%       N/A       0%          1
g - Blink                 Tloc           100%       N/A       0%          2
h - Ensorcelled Hibernat  Hex/Ice        100%       N/A       0%          2
i - Fulminant Prism       Conj/Hex       34%        3d16      1%          4
j - Ice Form              Ice/Tmut       69%        N/A       1%          4
k - Manifold Assault      Tloc           69%        N/A       1%          5
l - Dispersal             Tloc           34%        N/A       1%          6
Your spell library was empty.

Dungeon Overview and Level Annotations

Branches:
Dungeon (11/15)            Temple (1/1) D:5            Lair (6/6) D:11
  Swamp (1/4) Lair:3        Snake (0/4) Lair:4        Slime (0/5) Lair:5
    Orc (2/2) D:10            Elf (0/3) Orc:2         IceCv (visited)

Altars:
Ashenzari
Cheibriados
Dithmenos
Elyvilon
Fedhas
Gozag
Hepliaklqana
Kikubaaqudgha
Makhleb
Nemelex Xobeh
Okawaru
Qazlal
Ru
Sif Muna
Trog
Uskayaw
Vehumet
Wu Jian
Xom
Yredelemnul
Zin
The Shining One
Jiyva
Lugonu

Shops:
D:9 ?   D:10 [   Orc:2 ?!*!

Portals:
Abyss: Lair:6

Annotations:
Lair:3 Mlioglotl
Lair:6 2 transporters, exclusion: ice statue, Geym's ghost, journeyman MiBe
Swamp:1 1 transporter


Innate Abilities, Weirdness & Mutations

You are immune to sickness and miasma.
You are immune to poison.
Your flesh is very heat resistant. (rF++)
You are vulnerable to cold. (rC-)
You float through the air rather than walking.
You learn spells naturally, not from books.
Your magical power is your life essence.
You have superior vitality. (+4 MHP)


Message History

Aiming: Inner Flame (safe; 1% risk of failure)
Press: ? - help, Dir - move target, f - swamp worm
Aim: a swamp worm (chance to affect: 99%)
You feel a surge of power!
The swamp worm is filled with an inner flame.
* * * LOW HITPOINT WARNING * * *
The swamp worm bites you!
* * * LOW HITPOINT WARNING * * *
Casting: Inner Flame (safe; 1% risk of failure)
Confirm with . or Enter, or press ? or * to list all spells.
You feel a surge of power!
Flames lash the swamp worm.
Flame seeps out of the swamp worm.
The swamp worm is moderately wounded.
The swamp worm's fire resistance burns away.
* * * LOW HITPOINT WARNING * * *
The swamp worm is engulfed in blazing flames.
Flame seeps out of the swamp worm.
The swamp worm bites you but does no damage.
The swamp worm attacks as you move away!
The swamp worm bites you!
* * * LOW HITPOINT WARNING * * *
The swamp worm is engulfed in blazing flames.
Flame seeps out of the swamp worm.
The swamp worm fires a harpoon shot at you.
The harpoon shot misses you.
Casting: Scorch (safe; 0% risk of failure)
Confirm with . or Enter, or press ? or * to list all spells.
You feel a surge of power!
Flames lash the swamp worm.
The swamp worm is burned terribly!
Makhleb accepts your kill.
You feel better.
* * * LOW HITPOINT WARNING * * *
The swamp worm explodes!
The swamp worm fires a harpoon shot at you.
The harpoon shot hits you!
* * * LOW HITPOINT WARNING * * *
You are yanked forward by the harpoon shot.
You collide with the briar patch!
The briar patch is severely damaged.
You die...

..............≈.≈...♣♣♣ ♣♣♣
..≈≈§♣≈≈≈.♣...©...≈...♣ ♣.♣
♣.♣♣♣.≈..≈..#####..≈≈.♣ ♣♣.♣
≈≈♣♣♣.≈≈..###P©.###.≈♣♣ ♣≈.♣♣
..≈♣♣♣.≈..##≈.^.≈.#.≈♣ ♣≈≈≈♣♣
...♣♣♣..≈.#.§.^.≈##..♣♣♣♣.≈≈.♣♣♣
..♣♣♣≈.≈..##≈.^.≈.#..≈≈...≈≈.≈.♣♣
.♣♣♣♣≈≈.≈.#.≈.^☼###...≈♣≈≈≈≈≈≈≈..
..♣♣.≈..≈.###☼^P@♣#.♣.≈§≈♣≈.....♣
..≈♣..≈≈..#w≈P^P§##.♣.≈≈....≈.≈..
.≈§..≈≈...##≈P^P§°#.≈≈≈≈..≈≈≈.≈≈≈
≈≈.♣.≈≈≈≈.####+####.≈≈.....≈≈..≈≈
.♣♣♣.≈≈≈....#$?(#.≈≈≈..≈≈≈≈.≈≈≈≈.
≈♣ ♣.§>≈≈≈≈.#[©=#.≈≈≈≈≈≈≈≈≈.≈>♣.≈
♣♣♣♣≈≈≈.≈≈≈.#####.≈≈≈...≈≈..≈...≈
♣ ♣..≈≈.♣.....©...≈≈≈≈≈.≈≈≈.♣♣..≈
♣.≈≈≈.≈.≈....≈≈.≈≈≈≈....≈.♣♣♣≈≈


You could see a swamp worm.

Vanquished Creatures
  A reaper (IceCv)
  A bunyip (Swamp:1)
  A boulder beetle (D:11)
  14 hydras
  11 death yaks
  3 two-headed ogres (D:11)
  4 alligators
  4 orc high priests (Orc:2)
  4 thrashing horrors (Lair:6)
  Sonja (Lair:3)
  Amaemon (Lair:3)
  3 goliath frogs (Swamp:1)
  A death drake (Swamp:1)
  2 bog bodies (Swamp:1)
  A swamp dragon (Lair:5)
  A lindwurm (Lair:6)
  An orc knight (Orc:2)
  4 orc sorcerers (Orc:2)
  A mana viper (shapeshifter) (D:11)
  3 ugly things
  2 cyclopes (D:11)
  2 will-o-the-wisps (Swamp:1)
  Maurice (D:8)
  23 elephants
  An orange demon (Lair:3)
  2 torpor snails
  7 black mambas
  2 smoke demons (Lair:6)
  2 ice statues (IceCv)
  An unseen horror (D:10)
  11 cane toads
  2 gargoyles (D:11)
  A large abomination (Lair:6)
  A cane toad (shapeshifter) (Lair:6)
  2 kobold demonologists (D:11)
  3 rime drakes
  13 komodo dragons
  Psyche (D:9)
  A freezing wraith (IceCv)
  7 ice devils (IceCv)
  An ancient zyme (Lair:6)
  8 trolls
  5 tyrant leeches
  7 polar bears (Lair:5)
  A hornet (D:9)
  A dream sheep (shapeshifter) (Lair:6)
  13 dream sheep
  8 blink frogs (Lair:6)
  Sigmund (D:5)
  2 wraiths (D:11)
  53 yaks
  A spriggan (Lair:6)
  2 ynoxinuls (Lair:6)
  A dire elephant simulacrum (IceCv)
  2 shadows
  3 wyverns
  7 basilisks
  A steam dragon (D:8)
  2 wargs (Orc:1)
  A chaos spawn (Lair:6)
  A death yak simulacrum (IceCv)
  8 vampire mosquitoes
  A naga (Lair:4)
  11 swamp worms
  6 acid dragons
  10 water moccasins
  A sky beast (D:8)
  2 black bears
  15 orc warriors
  An ogre (Orc:2)
  2 centaurs
  2 phantoms
  2 kobold brigands (D:9)
  10 small abominations (Lair:6)
  10 bullfrogs
  4 gnoll sergeants
  A necrophage (D:4)
  A cane toad simulacrum (IceCv)
  23 killer bees
  2 elephant simulacra (IceCv)
  2 howler monkeys (D:11)
  3 electric eels
  2 hounds
  21 orc priests
  3 jellies
  2 gnoll shamans
  An iguana (D:4)
  25 orc wizards
  2 troll simulacra (IceCv)
  2 spriggan simulacra (IceCv)
  3 wolf simulacra (IceCv)
  24 gnolls
  3 naga simulacra (IceCv)
  7 adders
  2 shadow imps
  2 white imps
  8 ufetubi
  2 dart slugs (D:1)
  73 orcs
  4 ball pythons
  4 endoplasms
  3 giant cockroaches
  5 hobgoblins
  A quokka (D:2)
  4 bats
  A frilled lizard (D:1)
  9 goblins
  14 kobolds
  2 rats
  5 briar patches (Swamp:1)
  A foxfire (Orc:2)
  A fulminant prism (Lair:3)
621 creatures vanquished.

Vanquished Creatures (collateral kills)
  5 foxfires
5 creatures vanquished.

Vanquished Creatures (others)
  3 briar patches (Swamp:1)
  864 foxfires
  125 fulminant prisms
  53 fungi
  77 plants
1122 creatures vanquished.

Grand Total: 1748 creatures vanquished

Notes
Turn   | Place    | Note
-------+----------+-------------------------------------------
     0 | D:1      | jimonade the Djinni Fire Elementalist began the quest for
                  | the Orb.
     0 | D:1      | Reached XP level 1. HP: 15/15 MP: 0/0
   361 | D:1      | Reached XP level 2. HP: 22/22 MP: 0/0
   702 | D:1      | Reached skill level 3 in Spellcasting
   731 | D:1      | Reached XP level 3. HP: 24/26 MP: 0/0
   731 | D:1      | Learned a level 1 spell: Summon Small Mammal
  1246 | D:2      | Reached skill level 1 in Fighting
  1246 | D:2      | Reached XP level 4. HP: 9/32 MP: 0/0
  2411 | D:3      | Found a faded altar of an unknown god.
  2484 | D:3      | Reached XP level 5. HP: 31/38 MP: 0/0
  2484 | D:3      | Learned a level 2 spell: Blink
  3189 | D:4      | Noticed a black bear
  3198 | D:4      | Killed a black bear
  3199 | D:4      | Reached skill level 4 in Spellcasting
  3199 | D:4      | Reached XP level 6. HP: 37/44 MP: 0/0
  3532 | D:4      | Reached skill level 5 in Spellcasting
  3613 | D:4      | Reached XP level 7. HP: 43/49 MP: 0/0
  3613 | D:4      | Learned a level 2 spell: Ensorcelled Hibernation
  4454 | D:5      | Entered Level 5 of the Dungeon
  4898 | D:5      | Noticed Sigmund
  4902 | D:5      | Killed Sigmund
  4903 | D:5      | Reached skill level 6 in Spellcasting
  4903 | D:5      | Reached XP level 8. HP: 44/58 MP: 0/0
  5550 | D:5      | Found a staircase to the Ecumenical Temple.
  5557 | Temple   | Entered the Ecumenical Temple
  5850 | Temple   | Became a worshipper of Makhleb the Destroyer
  6246 | D:5      | Identified the +1 robe of Bad Feelings {Harm rCorr Slay+4}
  6724 | D:6      | Reached skill level 1 in Armour
  7003 | D:6      | Reached skill level 7 in Spellcasting
  7509 | D:6      | Reached XP level 9. HP: 58/63 MP: 0/0
  7509 | D:6      | Learned a level 4 spell: Fulminant Prism
  7984 | D:7      | Noticed a white ugly thing
  8423 | D:7      | Reached skill level 5 in Fighting
  8635 | D:7      | Killed a white ugly thing
  8636 | D:7      | Reached skill level 8 in Spellcasting
  8991 | D:7      | Found a hide-covered altar of Uskayaw.
  9599 | D:8      | Reached * piety under Makhleb
 10240 | D:8      | Noticed Maurice
 10245 | D:8      | Reached XP level 10. HP: 66/72 MP: 0/0
 10286 | D:8      | Killed Maurice
 10287 | D:8      | Reached skill level 9 in Spellcasting
 10963 | D:9      | Noticed Psyche
 10970 | D:9      | Killed Psyche
 11486 | D:9      | Reached ** piety under Makhleb
 11487 | D:9      | Reached skill level 10 in Spellcasting
 11950 | D:9      | Found Kioc's Magic Scroll Emporium.
 12357 | D:10     | Entered Level 10 of the Dungeon
 12902 | D:10     | Reached XP level 11. HP: 74/78 MP: 0/0
 12902 | D:10     | Learned a level 4 spell: Ice Form
 13589 | D:10     | Reached *** piety under Makhleb
 13755 | D:10     | Found a staircase to the Orcish Mines.
 14339 | D:10     | Found Kirsasp's Dragon-Slaying Spoils.
 14449 | D:11     | Found a staircase to the Lair.
 14527 | D:11     | Noticed a two-headed ogre
 14532 | D:11     | Killed a two-headed ogre
 14533 | D:11     | Reached skill level 11 in Spellcasting
 14576 | D:11     | Noticed a boulder beetle
 14595 | D:11     | Killed a boulder beetle
 14903 | D:11     | Noticed a two-headed ogre
 14905 | D:11     | Reached skill level 5 in Armour
 14914 | D:11     | Killed a two-headed ogre
 15005 | D:11     | Reached XP level 12. HP: 86/86 MP: 0/0
 15023 | D:11     | Reached skill level 12 in Spellcasting
 15064 | D:11     | Noticed a five-headed hydra
 15335 | D:11     | Noticed a two-headed ogre
 15341 | D:11     | Killed a two-headed ogre
 15352 | D:11     | Killed a five-headed hydra
 15353 | D:11     | Reached skill level 1 in Shields
 15473 | D:11     | Reached **** piety under Makhleb
 16245 | Lair:1   | Entered Level 1 of the Lair of Beasts
 16319 | Lair:1   | Reached skill level 13 in Spellcasting
 16389 | Lair:1   | Found a burning altar of Makhleb.
 16473 | Lair:1   | Found a frozen archway.
 16479 | IceCv    | Entered an ice cave
 16606 | IceCv    | Noticed a reaper
 16648 | IceCv    | Killed a reaper
 16649 | IceCv    | Reached XP level 13. HP: 94/94 MP: 0/0
 16649 | IceCv    | Learned a level 5 spell: Manifold Assault
 17227 | Lair:1   | You are sucked into a shaft and drop 1 floor!
 17232 | Lair:2   | Noticed an eight-headed hydra
 17396 | Lair:1   | Noticed an eight-headed hydra
 17405 | Lair:1   | Killed an eight-headed hydra
 17613 | Lair:1   | Reached skill level 14 in Spellcasting
 17723 | Lair:2   | Killed an eight-headed hydra
 17723 | Lair:2   | Reached ***** piety under Makhleb
 17845 | Lair:2   | Reached skill level 10 in Fighting
 17845 | Lair:2   | Reached skill level 5 in Dodging
 18172 | Lair:2   | Reached XP level 14. HP: 103/103 MP: 0/0
 18478 | Lair:3   | Noticed Amaemon
 18485 | Lair:3   | Killed Amaemon
 18538 | Lair:3   | Reached skill level 15 in Spellcasting
 18606 | Lair:3   | Noticed Sonja
 18655 | Lair:3   | Killed Sonja
 19267 | Lair:3   | Found a staircase to the Swamp.
 19586 | Lair:4   | Found a staircase to the Snake Pit.
 20203 | Lair:4   | Reached skill level 16 in Spellcasting
 20719 | Lair:5   | Reached ****** piety under Makhleb
 20732 | Lair:5   | Reached XP level 15. HP: 89/111 MP: 0/0
 20732 | Lair:5   | Learned a level 6 spell: Dispersal
 20755 | Lair:5   | Found a viscous altar of Jiyva.
 20756 | Lair:5   | Found a staircase to the Slime Pits.
 21510 | Lair:6   | Entered Level 6 of the Lair of Beasts
 21646 | Lair:6   | Found a transporter.
 21778 | Lair:6   | Found a transporter.
 21779 | Lair:6   | Noticed Geym's ghost (journeyman MiBe)
 22036 | Lair:6   | Reached skill level 17 in Spellcasting
 22136 | Lair:6   | Identified the amulet "Desooxkoh" {Acrobat rElec}
 22318 | Lair:6   | Found a corrupted altar of Lugonu.
 22318 | Lair:6   | Found a one-way gate to the infinite horrors of the Abyss.
 22510 | Lair:6   | Identified the +9 quarterstaff of Bodily Harmony {elec,
                  | rPois Will++ Int-2 SInv}
 23053 | Lair:6   | Reached XP level 16. HP: 120/120 MP: 0/0
 23564 | Orc:1    | Entered Level 1 of the Orcish Mines
 23712 | Orc:2    | Entered Level 2 of the Orcish Mines
 23773 | Orc:2    | Found a staircase to the Elven Halls.
 24251 | Orc:2    | Found Ustram Cuuh's Magic Scroll Shop.
 24251 | Orc:2    | Found Cuwac's Assorted Antiques.
 24252 | Orc:2    | Found Vegiq's Distillery.
 24256 | Orc:2    | Found Foonif's Distillery.
 24259 | Orc:2    | Bought a scroll of magic mapping for 49 gold pieces
 24259 | Orc:2    | Bought a scroll of blinking for 105 gold pieces
 24267 | Orc:2    | Bought a potion of heal wounds for 80 gold pieces
 24268 | Orc:2    | Bought a potion of heal wounds for 60 gold pieces
 24820 | Swamp:1  | Entered Level 1 of the Swamp
 24837 | Swamp:1  | Noticed Mlioglotl
 24845 | Lair:3   | Noticed a tentacled starspawn
 25241 | Swamp:1  | Found a transporter.
 25303 | Swamp:1  | Upgraded the game from 0.29-a0-422-gafbd6decc1 to
                  | 0.29-a0-451-gfbfa42419e
 25351 | Swamp:1  | Reached skill level 18 in Spellcasting
 25400 | Swamp:1  | Found a transporter.
 25848 | Swamp:1  | HP: 4/120 [swamp worm (15)]
 25849 | Swamp:1  | Collided with a briar patch

Illustrated notes

Levels and vault maps discovered:
D:1:      onia_arrival_mini_spirals, layout_loops_cross, kennysheep_nondescript
D:2:      layout_loops_ring
D:3:      layout_loops_cross, chequers_ecumenical_altar_simple_redux
D:4:      layout_basic
D:5:      layout_layer_cave, minmay_temple_entry_arrows, uniq_sigmund
D:6:      layout_basic
D:7:      layout_basic, kennysheep_mini_moat, wad_floor_pattern_untrapped,
          serial_bayou_lake_a
D:8:      layout_basic, uniq_maurice
D:9:      layout_cave_pools, serial_shops, nicolae_shop_trees, uniq_psyche
D:10:     layout_big_octagon, hiddenorc2_lemuel, minmay_misc_feat_more_columns,
          grunt_ministairs_12, nicolae_shop_dragon_depot
D:11:     minmay_imperfect_grid, layout_gridville, lair_entry_dummy,
          minmay_hedge_maze
Temple:   compressed_dpeg_triangle_lava_temple
Lair:1:   layout_regular_city, portal_ice_cave_rime, basic_altar,
          serial_bayou_pond_a, chequers_serial_rivers_micro_c
Lair:2:   layout_chaotic_city, infiniplex_staircase_pool_2
Lair:3:   layout_roguey, nicolae_swamp_entry_splash_gauntlet,
          serial_bayou_shore_a, uniq_amaemon, uniq_sonja
Lair:4:   layout_cave_pods, guppyfry_snake_entry_island
Lair:5:   onia_ninara_swampy_vault, layout_gridlike, slime_altar_1,
          beast_lair_carwin_10
Lair:6:   hellmonk_lair_end_abyssal_woods, layout_regular_city,
          nzn_ghost_randoct, st_stairs_7
Swamp:1:  gammafunk_worm_tunnel, layout_falls_marsh, serial_swamp_ruin,
          evilmike_swamp_ruin_house_1, evilmike_swamp_ruin_rubble_1,
          uniq_mlioglotl
Orc:1:    layout_caves
Orc:2:    st_orc_mages, layout_caves

Skill      XL: |  1  2  3  4  5  6  7  8  9 10 11 12 13 14 15 16 |
---------------+-------------------------------------------------+-----
Spellcasting   | 3 4 5 6 7 8 10 11 13 14 16 17 18 | 18.1
Fighting       | 1 2 3 4 5 6 8 9 10 11 12 | 12.9
Armour         | 1 3 4 5 6 |  6.2
Dodging        | 3 4 5 6 |  6.1
Shields        | 1 2 3 |  3.8
Short Blades   | |  0.4
Staves         | |  0.1
Stealth        | |  1.5

Action                   |  1- 3 |  4- 6 |  7- 9 | 10-12 | 13-15 | 16-18 || total
-------------------------+-------+-------+-------+-------+-------+-------++-------
Melee: Whip              |     3 |       |       |       |       |       ||     3
       Unarmed           |     1 |       |       |       |       |       ||     1
       Dagger            |       |     1 |     9 |    26 |       |       ||    36
       Punch             |       |       |       |     1 |       |       ||     1
       Staff             |       |       |       |     1 |     5 |       ||     6
 Cast: Foxfire           |    24 |    39 |    61 |   156 |   170 |    86 ||   536
       Scorch            |     7 |    26 |    91 |    98 |   203 |    71 ||   496
       Inner Flame       |       |       |    12 |    79 |   216 |   103 ||   410
       Conjure Flame     |       |       |     2 |     3 |       |       ||     5
       Blink             |       |       |     2 |     2 |    10 |     1 ||    15
       Fulminant Prism   |       |       |       |    57 |    52 |    17 ||   126
       Flame Wave        |       |       |       |       |    14 |    13 ||    27
       Dispersal         |       |       |       |       |     7 |    10 ||    17
  Use: Scroll            |       |       |     4 |    12 |    13 |     2 ||    31
       Potion            |       |       |       |       |     2 |     2 ||     4
Armor: Robe              |     1 |     2 |     5 |       |       |       ||     8
       Ring mail         |       |       |     6 |       |       |       ||     6
       Leather armour    |       |       |     1 |       |       |       ||     1
       Steam dragon scal |       |       |     1 |    11 |       |       ||    12
       Acid dragon scale |       |       |       |    24 |       |       ||    24
       Troll leather arm |       |       |       |     3 |    88 |    29 ||   120
Dodge: Dodged            |     5 |    12 |    12 |    57 |   138 |    32 ||   256
Block: Kite shield       |       |       |       |    14 |   113 |    22 ||   149

Table legend: (Time is in decaauts)
 A = Elapsed time spent in this place.
 B = Non-inter-level travel time spent in this place.
 C = Inter-level travel time spent in this place.
 D = Time resting spent in this place.
 E = Time spent auto-exploring this place.
 F = Levels seen in this place.
 G = Mean time per level.
                   A        B        C        D        E       F      G
               +--------+--------+--------+--------+--------+-----+--------+
         Total |  25928 |  24509 |   1419 |   2287 |  15617 |  22 | 1178.5 |
       Dungeon |  16045 |  15235 |    810 |   1967 |  10303 |  11 | 1458.6 |
        Temple |    308 |    256 |     52 |      0 |    242 |   1 |  308.0 |
          Lair |   7107 |   6647 |    460 |    123 |   3923 |   6 | 1184.5 |
         Swamp |    883 |    883 |      0 |    184 |    424 |   1 |  883.0 |
  Orcish Mines |   1136 |   1039 |     97 |      0 |    657 |   2 |  568.0 |
      Ice Cave |    446 |    446 |      0 |     13 |     68 |   1 |  446.0 |
               +--------+--------+--------+--------+--------+-----+--------+

Top non-repeatable levels by time:
     D:7: 2334 daAuts
     D:8: 1959 daAuts
  Lair:6: 1899 daAuts
     D:5: 1788 daAuts
    D:11: 1742 daAuts
    D:10: 1642 daAuts
     D:1: 1583 daAuts
     D:4: 1511 daAuts
  Lair:3: 1249 daAuts
  Lair:4: 1231 daAuts
     D:9: 1041 daAuts
  Lair:1: 1032 daAuts
   Orc:2: 983 daAuts
     D:3: 886 daAuts
 Swamp:1: 883 daAuts
